 Dungeon Sprint DCSS version 0.27-a0-1281-ge233d83751 (webtiles) character file.

Game seed: 4342053780487726767

160 mhtbhm the Digger (level 5, -2/24 HPs)
             Began as a Spriggan Earth Elementalist on June 14, 2021.
             Was an Initiate of Vehumet.
             Splashed by an acid dragon's acid (11 damage)
             ... in the Dungeon (Sprint IX: "|||||||||||||||||||||||||||||").
             The game lasted 00:01:59 (479 turns).

mhtbhm the Digger (Spriggan Earth Elementalist)      Turns: 479, Time: 00:02:00

Health: -2/24      AC: -2    Str:  4    XL:     5   Next: 17%
Magic:  15/15      EV: 20    Int: 18    God:    Vehumet [......]
Gold:   0          SH:  0    Dex: 21    Spells: 7/18 levels left

rFire    + . .     SeeInvis +   m - +2 morningstar "Cucek" {vorpal, rF+ rN++ Will- SInv}
rCold    . . .     Faith    .   (shield restricted)
rNeg     + + .     Spirit   .   c - +0 robe
rPois    .         Reflect  .   (helmet restricted)
rElec    .         Harm     .   (no cloak)
rCorr    .         Rampage  .   (gloves unavailable)
Will     .....     NoTele   +   (boots unavailable)
Stlth    +++.......             (no amulet)
HPRegen  0.08/turn              n - +3 ring of dexterity
MPRegen  0.14/turn              o - +3 ring of dexterity

@: corroded, very quick
A: very small, no large weapons, unfitting armour, see invisible, speed 3
a: Renounce Religion


You were in the Dungeon.
You worshipped Vehumet.
Vehumet was noncommittal.
You visited 1 branch

Inventory:

Hand Weapons
 l - a +2 rapier of distortion
 m - the +2 morningstar "Cucek" (weapon) {vorpal, rF+ rN++ Will- SInv}
   (You found it in the Dungeon)

   It inflicts extra damage upon your enemies.
   It protects you from fire.
   It greatly protects you from negative energy.
   It lets you see invisible.
   It decreases your willpower.
Missiles
 b - 12 stones
Armour
 c - a +0 robe (worn)
Jewellery
 n - a +3 ring of dexterity (left hand)
 o - a +3 ring of dexterity (right hand)
Wands
 k - a wand of acid (8)
Scrolls
 i - 2 scrolls of blinking
 j - 2 scrolls of amnesia
Potions
 a - a potion of invisibility
 d - 5 potions of curing
 e - 3 potions of heal wounds
 f - a potion of haste
 g - 3 potions of magic
 h - a potion of berserk rage


   Skills:
 + Level 4.7 Dodging
 + Level 5.5 Stealth
 + Level 7.3 Spellcasting
 + Level 1.3 Transmutations
 + Level 7.6 Earth Magic


You had 7 spell levels left.
You knew the following spells:

 Your Spells              Type           Power      Damage    Failure   Level
a - Sandblast             Erth           68%        2d15      1%          1
b - Passwall              Tmut/Erth      18%        N/A       2%          2
c - Stone Arrow           Conj/Erth      40%        3d9       7%          3
d - Lee's Rapid Deconstr  Erth           17%        3d11*     13%         5

Your spell library contained the following spells:

 Spells                   Type           Power      Damage    Failure   Level
 Petrify                  Tmut/Erth      22%        N/A       17%         4


Dungeon Overview and Level Annotations

Branches:
Dungeon (1/1)

Altars:
Cheibriados
Dithmenos
Elyvilon
Fedhas
Gozag
Hepliaklqana
Kikubaaqudgha
Makhleb
Nemelex Xobeh
Okawaru
Qazlal
Ru
Sif Muna
Trog
Uskayaw
Vehumet
Wu Jian
Xom
Yredelemnul
Zin
The Shining One
Beogh
Jiyva
Lugonu


Innate Abilities, Weirdness & Mutations

You are very small and have problems with some larger weapons.
You are too small for most types of armour.
You have supernaturally acute eyesight. (SInv)
You cover ground extremely quickly. (Speed+++)


Message History

Casting: Lee's Rapid Deconstruction (potentially lethal; 13% risk of failure)
Confirm with . or Enter, or press ? or * to list all spells.
The spell is potentially lethal to cast (13% risk of failure)!
Continue anyway?
Okay, then.
You see here a +2 ring mail of willpower.
You see here a +0 pair of gloves.
You see here a +0 helmet.
Casting: Lee's Rapid Deconstruction (potentially lethal; 13% risk of failure)
Confirm with . or Enter, or press ? or * to list all spells.
The spell is quite dangerous to cast (7% risk of failure)!
Continue anyway?
Okay, then.
Unknown command.
Aiming: Corrosive Bolt
Press: ? - help, Shift-Dir - straight line, f - quokka zombie
Aim: a quokka zombie (79% to hit)
The bolt of acid hits the quokka zombie!
The quokka zombie is splashed with acid.
You destroy the quokka zombie!
Vehumet accepts your kill.
The bolt of acid misses the acid dragon.
The bolt of acid hits the two-headed ogre!
The two-headed ogre is splashed with acid.
The acid corrodes the two-headed ogre!
The two-headed ogre is moderately wounded.
The gnoll shaman shouts!
Unknown command.
Aiming: Corrosive Bolt
Press: ? - help, Shift-Dir - straight line, f - acid dragon
Aim: an acid dragon (71% to hit)
The bolt of acid hits the acid dragon.
The acid dragon is lightly wounded.
The bolt of acid hits the two-headed ogre!
The two-headed ogre is splashed with acid.
The two-headed ogre seems to be corroded for longer.
The two-headed ogre is severely wounded.
The acid dragon spits acid at you. The splash of acid hits you!
Ouch! That really hurt!
The acid corrodes you!
You are splashed with acid!
You die...

▓.▓
▓.▓
▓g▓
▓'▓
▓O▓
▓D▓
▓[▓
▓[▓
▓@▓
▓.▓
▓)▓
▓.▓
▓.▓
▓'▓
▓_▓
▓_▓
▓_▓


You could see a two-headed ogre (corroded), an acid dragon (catching breath) and
a gnoll shaman.

Vanquished Creatures
  A necrophage (D)
  A howler monkey (D)
  A hound (D)
  A bat zombie (D)
  A hobgoblin (D)
  A jackal (D)
  A bat (D)
  2 frilled lizards (D)
  A quokka zombie (D)
  A rat (D)
11 creatures vanquished.

Notes
Turn   | Place    | Note
-------+----------+-------------------------------------------
     0 | D        | mhtbhm the Spriggan Earth Elementalist began the quest for
                  | the Orb.
     0 | D        | Reached XP level 1. HP: 9/9 MP: 5/5
   279 | D        | Noticed a howler monkey
   279 | D        | Noticed a necrophage
   279 | D        | Noticed a hound
   301 | D        | Killed a hound
   302 | D        | Reached skill level 5 in Earth Magic
   302 | D        | Reached XP level 2. HP: 8/13 MP: 1/8
   302 | D        | Reached XP level 3. HP: 10/16 MP: 1/9
   309 | D        | Killed a necrophage
   310 | D        | Reached skill level 5 in Stealth
   310 | D        | Reached XP level 4. HP: 13/21 MP: 8/13
   312 | D        | Reached XP level 5. HP: 16/24 MP: 6/15
   328 | D        | Found a snail-covered altar of Cheibriados.
   328 | D        | Found a shadowy altar of Dithmenos.
   328 | D        | Found a white marble altar of Elyvilon.
   328 | D        | Found a blossoming altar of Fedhas.
   328 | D        | Found an opulent altar of Gozag.
   329 | D        | Found a hazy altar of Hepliaklqana.
   330 | D        | Found a viscous altar of Jiyva.
   331 | D        | Found an ancient bone altar of Kikubaaqudgha.
   332 | D        | Found a corrupted altar of Lugonu.
   333 | D        | Found a burning altar of Makhleb.
   334 | D        | Found a sparkling altar of Nemelex Xobeh.
   335 | D        | Found an iron altar of Okawaru.
   336 | D        | Found a stormy altar of Qazlal.
   337 | D        | Found a sacrificial altar of Ru.
   338 | D        | Found a shimmering blue altar of Sif Muna.
   339 | D        | Found a bloodstained altar of Trog.
   340 | D        | Found a hide-covered altar of Uskayaw.
   341 | D        | Found a radiant altar of Vehumet.
   342 | D        | Found an ornate altar of the Wu Jian Council.
   343 | D        | Found a shimmering altar of Xom.
   344 | D        | Found a basalt altar of Yredelemnul.
   345 | D        | Found a glowing silver altar of Zin.
   346 | D        | Found a glowing golden altar of the Shining One.
   351 | D        | Became a worshipper of Vehumet
   441 | D        | Got the +2 morningstar "Cucek" {vorpal, rF+ rN++ Will-
                  | SInv}
   461 | D        | Learned a level 2 spell: Passwall
   465 | D        | Learned a level 3 spell: Stone Arrow
   471 | D        | Learned a level 5 spell: Lee's Rapid Deconstruction
   471 | D        | Noticed a two-headed ogre
   471 | D        | Noticed a troll
   471 | D        | Noticed a two-headed ogre
   471 | D        | Noticed an acid dragon
   479 | D        | Splashed by an acid dragon's acid

Illustrated notes

Levels and vault maps discovered:
D:        linesprint [early_d, line_temple, items_1, d_10, items_2, lair_1,
          lair_end, items_3, orc_1, orc_end, items_4, d_15, swamp_1, shoals_1,
          snake_1, spider_1, d_20, vaults_1, items_5, swamp_end, shoals_end,
          snake_end, spider_end, vaults_end, d_27, items_6, zot_1, zot_end,
          crypt_end, forest_end, elf_end, slime_end, tomb_end, abyss_end,
          pan_hell_end]

Skill      XL: |  1  2  3  4 |
---------------+-------------+-----
Earth Magic    | 5 7 |  7.6
Spellcasting   | 4 6 7 |  7.3
Dodging        | 3 4 |  4.7
Stealth        | 4 5 |  5.5
Transmutations | |  1.3

Action                   |  1- 3 |  4- 6 || total
-------------------------+-------+-------++-------
 Cast: Sandblast         |    15 |     3 ||    18
Evoke: Wand              |       |     2 ||     2
  Use: Potion            |     1 |       ||     1
Armor: Robe              |     1 |       ||     1
Dodge: Dodged            |    14 |     3 ||    17

Table legend: (Time is in decaauts)
 A = Elapsed time spent in this place.
 B = Non-inter-level travel time spent in this place.
 C = Inter-level travel time spent in this place.
 D = Time resting spent in this place.
 E = Time spent auto-exploring this place.
 F = Levels seen in this place.
 G = Mean time per level.
                   A        B        C        D        E       F      G
               +--------+--------+--------+--------+--------+-----+--------+
         Total |    443 |    443 |      0 |    325 |      1 |   1 |  443.0 |
       Dungeon |    443 |    443 |      0 |    325 |      1 |   1 |  443.0 |
               +--------+--------+--------+--------+--------+-----+--------+

Top non-repeatable levels by time:
       D: 443 daAuts
